 Dungeon Crawl Stone Soup version 0.27-a0-1359-ga2a4dfd6fd (webtiles) character file.

Game seed: 11943923736609446294

615 ABBCCCDDDD the Skirmisher (level 7, -8/62 HPs)
             Began as a Palentonga Fighter on June 28, 2021.
             Was a Follower of Ru.
             Killed by divine providence
             ... invoked by an orc priest
              (10 damage)
             ... on level 4 of the Dungeon.
             The game lasted 00:13:47 (4987 turns).

ABBCCCDDDD the Skirmisher (Palentonga Fighter)      Turns: 4987, Time: 00:13:48

Health: -8/62      AC: 15    Str: 20 (21) XL:     7   Next: 21%
Magic:  7/7        EV:  5    Int:  6 (8)  God:    Ru [*.....]
Gold:   93         SH: 13    Dex:  7 (10) Spells: 6/6 levels left

rFire    . . .     SeeInvis +   a - +1 flail
rCold    . . .     Faith    .   c - +0 kite shield
rNeg     . . .     Spirit   .   b - +0 scale mail
rPois    .         Reflect  +   d - +0 helmet
rElec    .         Harm     .   n - +0 cloak
rCorr    .         Rampage  .   (no gloves)
Will     .....                  (no barding)
Stlth    ..........             p - amulet of reflection
HPRegen  0.20/turn              (no ring)
MPRegen  0.10/turn              (no ring)

@: attractive, curled up
A: large, rugged brown scales 3, see invisible, deformed body, no stealth, no
hexes magic, no poison magic, no summoning magic, roll 1, armoured tail,
reflexive curl
a: Rolling Charge, Renounce Religion


You were on level 4 of the Dungeon.
You worshipped Ru.
Ru was aware of your devotion.
You visited 1 branch of the dungeon, and saw 5 of its levels.

You collected 93 gold pieces.

Inventory:

Hand Weapons
 a - a +1 flail (weapon)
Missiles
 m - 2 boomerangs of dispersal
Armour
 b - a +0 scale mail (worn)
 c - a +0 kite shield (worn)
 d - a +0 helmet (worn)
 k - a scarf of invisibility
 n - a +0 cloak (worn)
Jewellery
 p - an amulet of reflection (around neck)
Scrolls
 h - a scroll of vulnerability {unknown}
 j - 2 scrolls of teleportation {unknown}
 o - a scroll of holy word {unknown}
Potions
 l - a potion of attraction


   Skills:
 + Level 6.3 Fighting
 + Level 5.8 Maces & Flails
 - Level 2.4 Armour
 - Level 2.4 Shields


You had 6 spell levels left.
You didn't know any spells.
Your spell library contained the following spells:

 Spells                   Type           Power      Damage    Failure   Level
 Animate Skeleton         Necr           0%         N/A       99%         1
 Apportation              Tloc           0%         N/A       99%         1
 Corona                   Hex            Unusable   N/A       N/A         1
 Summon Small Mammal      Summ           Unusable   N/A       N/A         1

Dungeon Overview and Level Annotations

Branches:
Dungeon (5/15)
 Temple: D:4-7

Altars:
Ashenzari
Okawaru
Ru

Annotations:
D:2 Sigmund
D:3 Edmund
D:4 Dowan, Duvessa, Menkaure


Innate Abilities, Weirdness & Mutations

You are completely covered in rugged brown scales. (AC +3, +7% HP)
You have supernaturally acute eyesight. (SInv)
Armour fits poorly on your strangely shaped body.
You cannot be stealthy.
You cannot study or cast Hexes magic.
You cannot study or cast Poison magic.
You cannot study or cast Summoning magic.
You can roll at nearby foes to attack.
You have a long armoured tail.
You curl defensively after being hit.


Message History

A gnoll comes into view. It is wielding a +0 club.
You block the adder's attack. x2
A gnoll comes into view. It is wielding a +0 spear.
The gnoll shouts!
You hear a shout!
You block the gnoll's attack.
A ball python comes into view.
The orc priest calls down the wrath of Beogh upon you.
Beogh smites you!
* * * LOW HITPOINT WARNING * * *
It was a potion of degeneration.
There was something very wrong with that liquid.
You feel weakened.
You feel dopey.
You feel clumsy. You block the adder's attack.
The adder bites you but does no damage.
It was a potion of cancellation.
You feel magically purged.
The orc priest mumbles some strange prayers to Beogh against you.
Beogh smites you!
* * * LOW HITPOINT WARNING * * *
You block the adder's attack.
It was a potion of attraction.
You feel attractive to monsters. You block the adder's attack.
The orc priest invokes the aid of Beogh against you.
You struggle to resist.
Dowan mumbles some strange words.
Dowan blinks!
The orc priest is pulled toward you! The orc is pulled toward you!
As you read the scroll labelled PILINE HELOACWYNT, it crumbles to dust.
Wisps of shadow whirl around you...
The shadows disperse without effect.
It was a scroll of summoning.
The adder barely misses you.
The orc priest mumbles some strange prayers to Beogh against you.
You struggle to resist.
The adder bites you but does no damage.
Okay, then.
Okay, then.
Okay, then.
As you read the scroll labelled TUIPTOI ISTRUNA, it crumbles to dust.
It is a scroll of enchant weapon.
Your +0 flail glows red for a moment.
The orc priest invokes the aid of Beogh against you.
Beogh smites you!
You die...

########o.# # #
###...## #.# #
#.....o## #.# #
#.#...#o####.###..
#
#..#####.#........
# #.# ##..o.....#
# #. #.#.#o#### #
# #.##o#o# # #.#
#o#@# ## #.#
##.#S###### ...o..
... #..egg.g.g..
.###o..##
#..#####S### .#
#..# .## #..#..#
..###### #..#..#
.......# #..#..#
..####.# #..#...


You could see Duvessa, an orc priest, 2 gnolls, an adder and 2 orcs.

Vanquished Creatures
  Grinder (D:3)
  A sky beast (D:3)
  A scorpion (D:5)
  A centaur zombie (D:3)
  A jelly (D:3)
  2 iguanas
  3 gnolls
  4 adders
  A shadow imp (D:4)
  A worm (D:2)
  2 dart slugs (D:3)
  3 orcs
  11 endoplasms
  4 giant cockroaches
  11 goblins
  4 hobgoblins
  3 jackals (D:2)
  4 quokkas
  5 ball pythons
  7 bats
  3 frilled lizards
  A jackal skeleton (D:4)
  5 kobolds
  A rat (D:3)
80 creatures vanquished.

Notes
Turn   | Place    | Note
-------+----------+-------------------------------------------
     0 | D:1      | ABBCCCDDDD the Palentonga Fighter began the quest for the
                  | Orb.
     0 | D:1      | Reached XP level 1. HP: 19/19 MP: 1/1
   292 | D:1      | Found a faded altar of an unknown god.
   301 | D:1      | Became a worshipper of Ru the Awakened
   310 | D:1      | Reached XP level 2. HP: 21/25 MP: 2/2
   310 | D:1      | Gained mutation: You cannot study or cast Poison magic. [Ru
                  | sacrifice]
   310 | D:1      | Gained mutation: You cannot study or cast Hexes magic. [Ru
                  | sacrifice]
   310 | D:1      | Gained mutation: You cannot study or cast Summoning magic.
                  | [Ru sacrifice]
   310 | D:1      | Reached * piety under Ru
  1200 | D:1      | Reached XP level 3. HP: 13/31 MP: 3/3
  1486 | D:2      | Reached skill level 4 in Fighting
  1646 | D:2      | Reached XP level 4. HP: 39/39 MP: 4/4
  1824 | D:2      | Noticed Sigmund
  2346 | D:3      | Found an iron altar of Okawaru.
  2346 | D:3      | Found a broken altar of Ashenzari.
  2347 | D:3      | Noticed Grinder
  2354 | D:3      | Reached XP level 5. HP: 39/46 MP: 5/5
  2362 | D:3      | Killed Grinder
  2363 | D:3      | Reached skill level 5 in Fighting
  2363 | D:3      | Reached skill level 5 in Maces & Flails
  2363 | D:3      | Reached XP level 6. HP: 18/54 MP: 6/6
  3430 | D:4      | Noticed Edmund
  3500 | D:4      | Noticed Menkaure
  3909 | D:4      | Noticed a sky beast
  4039 | D:3      | Gained mutation: You cannot be stealthy. [Ru sacrifice]
  4399 | D:3      | Killed a sky beast
  4400 | D:3      | Reached skill level 6 in Fighting
  4400 | D:3      | Gained mutation: You curl defensively after being hit.
                  | [Palentonga growth]
  4400 | D:3      | Reached XP level 7. HP: 62/62 MP: 7/7
  4816 | D:5      | Entered Level 5 of the Dungeon
  4978 | D:4      | Noticed Duvessa
  4978 | D:4      | Noticed Dowan
  4984 | D:4      | HP: 1/62 [orc priest/divine providence (10)]
  4987 | D:4      | Killed from afar by an orc priest

Illustrated notes

Levels and vault maps discovered:
D:1:      evilmike_arrival_fibonacci_small, layout_rooms,
          ebering_ecumenical_altar_ruins, grunt_decor_one_mirror
D:2:      layout_rooms, uniq_sigmund
D:3:      layout_basic, chequers_temple_overflow_statue_of_worship,
          serial_co_window_serial, co_window_paths_a, co_window_paths_a,
          co_window_of_opportunity_a, co_window_paths_a, co_window_paths_a,
          co_window_corner_ca, co_window_of_opportunity_c, co_window_2corner,
          co_window_2corner, co_window_broadway_b, co_window_4corner_a,
          co_window_paths_d, uniq_grinder
D:4:      layout_loops_ring, minmay_temple_entry_junction, st_stairs_11,
          minmay_bisected, uniq_edmund, uniq_menkaure, uniq_duvessa
D:5:      layout_basic, old_standard_altar, lemuel_coloured_pillars_altar,
          uniq_blork_the_orc

Skill      XL: |  1  2  3  4  5  6 |
---------------+-------------------+-----
Maces & Flails | 3 4 5 |  5.8
Fighting       | 4 5 6 |  6.3
Armour         | |  2.4
Shields        | |  2.4

Action                   |  1- 3 |  4- 6 |  7- 9 || total
-------------------------+-------+-------+-------++-------
Melee: Flail             |   121 |   136 |    17 ||   274
       Tailslap          |     8 |    15 |     5 ||    28
Invok: Sacrifice Arcana  |     1 |       |       ||     1
       Sacrifice Stealth |       |     1 |       ||     1
 Abil: Rolling Charge    |     1 |     1 |     1 ||     3
  Use: Potion            |       |     1 |     3 ||     4
       Scroll            |       |       |     2 ||     2
 Stab: Distracted        |     1 |       |       ||     1
Armor: Scale mail        |    67 |    75 |    10 ||   152
Dodge: Dodged            |    26 |    51 |     5 ||    82
Block: Kite shield       |    67 |    60 |    12 ||   139

Table legend: (Time is in decaauts)
 A = Elapsed time spent in this place.
 B = Non-inter-level travel time spent in this place.
 C = Inter-level travel time spent in this place.
 D = Time resting spent in this place.
 E = Time spent auto-exploring this place.
 F = Levels seen in this place.
 G = Mean time per level.
                   A        B        C        D        E       F      G
               +--------+--------+--------+--------+--------+-----+--------+
         Total |   5122 |   4622 |    500 |   1609 |   1847 |   5 | 1024.4 |
       Dungeon |   5122 |   4622 |    500 |   1609 |   1847 |   5 | 1024.4 |
               +--------+--------+--------+--------+--------+-----+--------+

Top non-repeatable levels by time:
     D:3: 2523 daAuts
     D:1: 1550 daAuts
     D:2: 487 daAuts
     D:4: 424 daAuts
     D:5: 137 daAuts
